 Dungeon Crawl Stone Soup version 0.29-a0-925-g0a7a3d12f8 (webtiles) character file.

Game seed: 8528209566394088063

7019 Alarak the Jinx (level 10, -1/50 HPs)
             Began as a Deep Elf Fire Elementalist on July 30, 2022.
             Was a Believer of Vehumet.
             Shot with an arrow by a centaur (7 damage)
             ... on level 10 of the Dungeon.
             The game lasted 00:53:15 (13412 turns).

Alarak the Jinx (Deep Elf Fire Elementalist)       Turns: 13412, Time: 00:53:15

Health: -1/50      AC:  3    Str:  5    XL:     10   Next: 82%
Magic:  15/23      EV: 12    Int: 31    God:    Vehumet [**....]
Gold:   82         SH:  0    Dex: 15    Spells: 4/24 levels left

rFire   + + .      SeeInvis .   C - staff of fire
rCold   x . .      Faith    .   (no shield)
rNeg    . . .      Spirit   .   a - +0 robe
rPois   .          Reflect  .   (no helmet)
rElec   .          Harm     .   d - +0 cloak
rCorr   .          Rampage  .   (no gloves)
Will    +....                   (no boots)
Stlth   ++........              (no amulet)
HPRegen 0.16/turn               i - ring of fire
MPRegen 0.18/turn               t - +6 ring of intelligence

@: studying Staves
A: no striking features
a: Renounce Religion


You were on level 10 of the Dungeon.
You worshipped Vehumet.
Vehumet was pleased with you.
You visited 2 branches of the dungeon, and saw 11 of its levels.
You also visited: Sewer.

You collected 82 gold pieces.

Inventory:

Hand Weapons
 j - a +0 shortbow
 k - a +1 sling
 o - a +0 dagger of protection
Armour
 a - a +0 robe (worn)
 d - a +0 cloak (worn)
 u - +0 acid dragon scales
Magical Staves
 f - a staff of earth
 C - a staff of fire (weapon)
 F - a staff of air
Jewellery
 i - a ring of fire (left hand)
 t - a +6 ring of intelligence (right hand)
 x - a +4 ring of evasion
Wands
 z - a wand of flame (8)
 B - a wand of charming (11)
Scrolls
 g - 3 scrolls of teleportation
 n - 5 scrolls of identify
 w - 3 scrolls of noise
 D - 2 scrolls of brand weapon {unknown}
 E - a scroll of enchant armour {unknown}
Potions
 b - a potion of magic
 c - 2 potions of invisibility
 e - 5 potions of attraction
 h - 4 potions of heal wounds
 l - 2 potions of haste {unknown}
 m - a potion of mutation {unknown}
 p - 2 potions of might {unknown}
 q - 4 potions of curing
 r - a potion of resistance {unknown}
 s - a potion of lignification {unknown}
 v - 3 potions of flight
 A - a potion of degeneration {unknown}


   Skills:
 - Level 2.4 Dodging
 - Level 2.4 Stealth
 - Level 7.9 Spellcasting
 - Level 8.0 Conjurations
 - Level 9.6 Hexes
 - Level 7.0 Fire Magic
 + Level 8.2 Ice Magic
 - Level 7.0 Air Magic


You had 4 spell levels left.
You knew the following spells:

 Your Spells              Type           Power      Damage    Failure   Level
a - Foxfire               Conj/Fire      100%       2x1d9     1%          1
b - Scorch                Fire           100%       2d10      1%          2
c - Conjure Flame         Conj/Fire      93%        6-21      1%          3
d - Inner Flame           Hex/Fire       97%        N/A       1%          3
e - Flame Wave            Conj/Fire      93%        2d20      1%          4
f - Poisonous Vapours     Pois/Air       68%        N/A       1%          2
g - Freezing Cloud        Conj/Ice/Air   28%        6-21      4%          5

Your spell library contained the following spells:

 Spells                   Type           Power      Damage    Failure   Level
 Static Discharge         Conj/Air       56%        3-10/arc  1%          2
 Freeze                   Ice            100%       1d11      1%          1
 Ensorcelled Hibernation  Hex/Ice        100%       N/A       1%          2
 Stone Arrow              Conj/Erth      74%        3d11      2%          3
 Anguish                  Hex/Necr       21%        N/A       5%          4
 Leda's Liquefaction      Hex/Erth       21%        N/A       5%          4
 Sublimation of Blood     Necr           12%        N/A       6%          2
 Gell's Gravitas          Tloc           12%        N/A       12%         3
 Lesser Beckoning         Tloc           12%        N/A       12%         3
 Spider Form              Tmut/Pois      12%        N/A       12%         3
 Teleport Other           Tloc           12%        N/A       12%         3
 Corpse Rot               Necr/Pois/Air  26%        N/A       16%         4
 Petrify                  Tmut/Erth      12%        N/A       38%         4
 Irradiate                Conj/Tmut      18%        3d17      22%         5
 Simulacrum               Ice/Necr       18%        N/A       75%         6
 Statue Form              Tmut/Erth      8%         N/A       99%         6
 Polar Vortex             Ice            29%        N/A       100%        9


Dungeon Overview and Level Annotations

Branches:
Dungeon (10/15)            Temple (1/1) D:6             Orc (0/2) D:9
  Sewer (visited)
   Lair: D:8-11

Altars:
Ashenzari
Cheibriados
Dithmenos
Elyvilon
Fedhas
Gozag
Hepliaklqana
Kikubaaqudgha
Makhleb
Nemelex Xobeh
Okawaru
Qazlal
Ru
Sif Muna
Trog
Uskayaw
Vehumet
Wu Jian
Xom
Yredelemnul
Zin
The Shining One

Annotations:
D:5 1 runed translucent door, kae's ghost, novice TeFE


Message History

The shadow is almost destroyed.
The foxfire hits the shadow.
Vehumet accepts your kill.
You feel your power returning.
The shadow explodes!
Your Ice Magic skill increases to level 8!
You start resting.
Your foxfire dissipates!
Your foxfire dissipates!
A centaur comes into view.
Casting: Foxfire (safe; 1% risk of failure)
Confirm with . or Enter, or press ? or * to list all spells.
Aiming: Inner Flame (safe; 1% risk of failure)
Press: ? - help, Dir - move target, f - centaur
Aim: a centaur (wandering, hasn't noticed you, chance to affect: 99%)
You feel a strong surge of power!
The centaur shouts!
The centaur is filled with an inner flame.
The centaur wields a +1 shortbow of freezing.
It is covered in frost.
The centaur shoots an arrow.
The arrow hits you! The arrow freezes you.
Casting: Inner Flame (safe; 1% risk of failure)
Confirm with . or Enter, or press ? or * to list all spells.
Aiming: Poisonous Vapours (safe; 1% risk of failure)
Press: ? - help, Dir - move target, f/p - centaur
Aim: a centaur, wielding a +1 shortbow of freezing (inner flame) Poisonous vapours surround the centaur!
The centaur is poisoned.
Flame seeps out of the centaur.
The centaur is engulfed in blazing flames.
Flame seeps out of the centaur.
Flame seeps out of the centaur.
The centaur is engulfed in blazing flames.
Flame seeps out of the centaur.
The centaur shoots an arrow.
The arrow hits you! The arrow freezes you.
There is an escape hatch in the ceiling, spattered with blood here.
You are too injured to fight recklessly!
The centaur shoots an arrow.
The arrow hits you!
* * * LOW HITPOINT WARNING * * *
The arrow freezes you!
You die...

#.#### #......)# #.# #
###.......#### #.#
#............# #.#
#.####.)####.# #.# .
#.####.......# #.# ..
#......>)....###.#
.##.#..#.#...........#
....)..○.#.......##..#
##.#.°|c....@...###.#
# ####.#####.### #.#
≈#.#≈#≈#.#≈###.#
#≈≈#.#≈≈≈###≈≈##.#
#≈≈≈#.#≈≈≈≈≈≈≈≈≈#.#
#≈≈≈#.#≈≈≈#######.#
.#≈≈≈#.#≈≈≈#.......#
.#≈≈≈#.#≈≈≈#########
#.#≈≈≈≈≈≈≈≈≈#


You could see a centaur (inner flame, very poisoned).

Vanquished Creatures
  2 two-headed ogres
  Maurice (D:8)
  A troll (D:10)
  A shadow (D:10)
  6 yaks (D:8)
  A vampire (D:10)
  4 steam dragons
  An acid dragon (D:9)
  2 water moccasins (D:7)
  An orc warrior (D:10)
  A sky beast (D:6)
  3 ice beasts
  4 centaurs
  2 kobold brigands
  A phantom (D:6)
  4 bullfrogs
  2 gnoll sergeants
  2 scorpions
  2 necrophages
  3 wights (D:8)
  7 killer bees
  A howler monkey (D:6)
  3 vampire bats (D:4)
  2 orc priests
  2 gnoll boudas
  4 hounds
  3 jellies
  4 iguanas
  5 orc wizards
  23 gnolls
  9 adders
  5 shadow imps
  4 white imps
  5 ufetubi
  7 worms
  3 dart slugs
  24 orcs
  2 bat skeletons (D:4)
  3 bat zombies (D:4)
  8 endoplasms
  2 giant cockroaches
  6 goblins
  7 hobgoblins
  2 jackals (Sewer)
  6 quokkas
  5 ball pythons
  5 bats
  A frilled lizard (D:1)
  7 kobolds
  10 rats
219 creatures vanquished.

Vanquished Creatures (others)
  6 demonic plants (D:8)
  438 foxfires
  3 plants (D:10)
447 creatures vanquished.

Grand Total: 666 creatures vanquished

Notes
Turn   | Place    | Note
-------+----------+-------------------------------------------
     0 | D:1      | Alarak the Deep Elf Fire Elementalist began the quest for
                  | the Orb.
     0 | D:1      | Reached XP level 1. HP: 10/10 MP: 6/6
   712 | D:1      | You fall into a shaft and drop 1 floor!
   720 | D:2      | Reached XP level 2. HP: 15/15 MP: 5/9
   725 | D:2      | Learned a level 2 spell: Scorch
  1440 | D:2      | Reached XP level 3. HP: 19/19 MP: 8/11
  1443 | D:2      | Reached skill level 5 in Spellcasting
  1816 | D:2      | Reached XP level 4. HP: 24/24 MP: 8/13
  1996 | D:2      | Found an ornate altar of the Wu Jian Council.
  2476 | D:3      | Found a faded altar of an unknown god.
  2696 | D:3      | Found a sacrificial altar of Ru.
  2909 | D:3      | Found a bloodstained altar of Trog.
  2995 | D:3      | Reached XP level 5. HP: 28/28 MP: 12/15
  3207 | D:3      | Noticed an ice beast
  3213 | D:3      | Killed an ice beast
  3655 | D:4      | Learned a level 3 spell: Conjure Flame
  3701 | D:4      | Reached XP level 6. HP: 32/32 MP: 14/17
  3707 | D:4      | Reached skill level 5 in Conjurations
  4346 | D:4      | Reached skill level 5 in Fire Magic
  4346 | D:4      | Reached XP level 7. HP: 28/36 MP: 5/18
  4818 | D:4      | Found an ancient bone altar of Kikubaaqudgha.
  4888 | D:5      | Entered Level 5 of the Dungeon
  4986 | D:5      | Learned a level 3 spell: Inner Flame
  5044 | D:5      | Got the Vellum of the Snowflakes
  5134 | D:5      | Found a runed translucent door.
  5135 | D:5      | Noticed kae's ghost (novice TeFE)
  5379 | D:5      | Reached skill level 1 in Hexes
  5576 | D:5      | Reached skill level 2 in Hexes
  5647 | D:5      | Reached skill level 3 in Hexes
  6295 | D:6      | Found a white marble altar of Elyvilon.
  6300 | D:6      | Reached skill level 4 in Hexes
  6300 | D:6      | Reached XP level 8. HP: 41/41 MP: 15/19
  6326 | D:6      | Reached skill level 5 in Hexes
  6449 | D:6      | Learned a level 4 spell: Flame Wave
  6483 | D:6      | Found a glowing silver altar of Zin.
  6527 | D:6      | Found a staircase to the Ecumenical Temple.
  6554 | D:6      | Reached skill level 6 in Hexes
  6722 | D:6      | Found a glowing drain.
  6731 | Sewer    | Entered a sewer
  6801 | Sewer    | Reached skill level 7 in Hexes
  6866 | Sewer    | Found a white marble altar of Elyvilon.
  7060 | D:6      | Identified the +2 dagger of the Heavens {vorpal, Int+2}
  7123 | D:6      | HP: 1/41 [gnoll/+2 morningstar of protection[a gnoll bouda]
                  | (5)]
  7509 | D:6      | Reached skill level 8 in Hexes
  7531 | D:6      | Reached skill level 9 in Hexes
  7723 | Temple   | Entered the Ecumenical Temple
  8659 | D:7      | Got Nob Xuoclei's Precepts of Stones
  8679 | D:7      | Reached XP level 9. HP: 45/45 MP: 11/20
  9302 | Temple   | Became a worshipper of Vehumet
  9639 | D:7      | Learned a level 2 spell: Poisonous Vapours
 10007 | D:8      | Found a burning altar of Makhleb.
 10097 | D:8      | Noticed Maurice
 10110 | D:8      | HP: 1/45 [something/bolt of acid (12)]
 10400 | D:8      | Found a shadowy altar of Dithmenos.
 10400 | D:8      | Found a shimmering blue altar of Sif Muna.
 10401 | D:8      | Found a basalt altar of Yredelemnul.
 10453 | D:8      | Killed Maurice
 10574 | D:8      | Reached skill level 5 in Air Magic
 10580 | D:8      | Reached XP level 10. HP: 41/50 MP: 1/23
 10719 | D:8      | Noticed a two-headed ogre
 10728 | D:8      | Killed a two-headed ogre
 10771 | D:8      | Learned a level 5 spell: Freezing Cloud
 10853 | D:8      | Found a glowing golden altar of the Shining One.
 10926 | D:8      | Reached * piety under Vehumet
 10926 | D:8      | Offered knowledge of Shock by Vehumet.
 11144 | D:8      | Reached skill level 1 in Ice Magic
 12107 | D:9      | Noticed a two-headed ogre
 12118 | D:9      | Killed a two-headed ogre
 12119 | D:9      | Reached skill level 5 in Ice Magic
 12791 | D:9      | Found a staircase to the Orcish Mines.
 13002 | D:10     | Entered Level 10 of the Dungeon
 13348 | D:10     | Reached ** piety under Vehumet
 13348 | D:10     | Offered knowledge of Static Discharge by Vehumet.
 13412 | D:10     | Shot with an arrow by a centaur

Illustrated notes

Levels and vault maps discovered:
D:1:      dpeg_arrival_subterranean_lakeside_camping, layout_loops_corners,
          minmay_tree_intersection
D:2:      layout_basic, basic_altar
D:3:      layout_rooms, mainiacjoe_overflow_24_doors, general_overflow_altar,
          hellmonk_ecumenical_altar_run_dry
D:4:      layout_loops_ring, kennysheep_vampire_church, minmay_manual_mess
D:5:      layout_gridville, gammafunk_ghost_grave, serial_park_tiny_2,
          chequers_mini_garden
D:6:      minmay_general_purpose_star, layout_basic, mainiacjoe_overflow_paths,
          elyvilon_altar_5, minmay_temple_entry_sparse_star,
          portal_sewer_entry_d
D:7:      layout_rooms
D:8:      layout_loops_ring, nicolae_tso_swordbearing_angel,
          gammafunk_temple_overflow_forgotten, overflow_temple_1_default,
          serial_demonic, serial_demonic_e, serial_demonic_e, serial_demonic_e,
          serial_demonic_d, uniq_maurice
D:9:      layout_basic, orc_0_dummy
D:10:     nzn_winding_woodlands_medium [nzn_winding_woodlands_5x5_perimeter,
          nzn_winding_woodlands_5x15_crooked, nzn_winding_woodlands_5x5_default,
          nzn_winding_woodlands_hourglass,
          nzn_winding_woodlands_center_triple_pond,
          nzn_winding_woodlands_5x5_open_star, nzn_winding_woodlands_5x5_three,
          nzn_winding_woodlands_5x15_pathside_ponds,
          nzn_winding_woodlands_5x5_cross], layout_loops_cross, serial_aquarium,
          aquarium_bridge_long_separate [aquarium_subvault_bridge,
          aquarium_subvault_window, aquarium_subvault_bridge,
          aquarium_subvault_wall, aquarium_subvault_bridge,
          aquarium_subvault_balcony], aquarium_bridge_square
          [aquarium_subvault_window, aquarium_subvault_bridge,
          aquarium_subvault_bridge, aquarium_subvault_wall], aquarium_window_1,
          aquarium_window_fake, aquarium_view_2a, aquarium_balcony_3a,
          aquarium_pool_2, lightli_elemental_guards
Temple:   nicolae_temple_slightly_damp_pantheon

Skill      XL: |  1  2  3  4  5  6  7  8  9 10 |
---------------+-------------------------------+-----
Spellcasting   | 4 5 6 7 |  7.9
Conjurations   | 3 4 5 6 8 |  8.0
Fire Magic     | 5 7 |  7.0
Hexes          | 4 9 |  9.6
Air Magic      | 5 7 |  7.0
Ice Magic      | 8 |  8.2
Dodging        | |  2.4
Stealth        | |  2.4

Action                   |  1- 3 |  4- 6 |  7- 9 | 10-12 || total
-------------------------+-------+-------+-------+-------++-------
Melee: Unarmed           |    20 |       |       |       ||    20
       Dagger            |       |       |     1 |       ||     1
 Fire: Sling             |       |    10 |     7 |       ||    17
       Shortbow          |       |       |     2 |       ||     2
 Cast: Foxfire           |    55 |    84 |   105 |    20 ||   264
       Scorch            |     9 |    33 |    45 |     6 ||    93
       Conjure Flame     |       |     3 |     8 |     6 ||    17
       Inner Flame       |       |       |    54 |    29 ||    83
       Poisonous Vapours |       |       |     6 |    23 ||    29
       Flame Wave        |       |       |     1 |     2 ||     3
       Freezing Cloud    |       |       |       |     2 ||     2
  Use: Scroll            |     2 |     7 |     8 |     1 ||    18
Armor: Robe              |     1 |     6 |     6 |       ||    13
Dodge: Dodged            |    11 |    10 |    14 |     6 ||    41

Table legend: (Time is in decaauts)
 A = Elapsed time spent in this place.
 B = Non-inter-level travel time spent in this place.
 C = Inter-level travel time spent in this place.
 D = Time resting spent in this place.
 E = Time spent auto-exploring this place.
 F = Levels seen in this place.
 G = Mean time per level.
                   A        B        C        D        E       F      G
               +--------+--------+--------+--------+--------+-----+--------+
         Total |  13450 |  12256 |   1194 |   3576 |   7308 |  12 | 1120.8 |
       Dungeon |  13016 |  11891 |   1125 |   3526 |   7036 |  10 | 1301.6 |
        Temple |    234 |    165 |     69 |      0 |    151 |   1 |  234.0 |
         Sewer |    199 |    199 |      0 |     50 |    121 |   1 |  199.0 |
               +--------+--------+--------+--------+--------+-----+--------+

Top non-repeatable levels by time:
     D:8: 1846 daAuts
     D:6: 1814 daAuts
     D:9: 1521 daAuts
     D:4: 1518 daAuts
     D:1: 1408 daAuts
     D:5: 1402 daAuts
     D:7: 1127 daAuts
     D:3: 1026 daAuts
     D:2: 941 daAuts
    D:10: 409 daAuts
  Temple: 234 daAuts
   Sewer: 199 daAuts
